AoeStats
← Enzocasla10

Fortress

510384534Analyzed
1v1 RM · 2d ago on Sep 30, 2026· 41m 2s· 2 players
Game mode
Random Map
Map size
Small (3 player)
Population
200
Speed
Normal
Resources
Standard
Victory
Conquest
Starting age
Dark Age
Ending age
Imperial Age
RankedLock teamsTeams togetherTeam positionsShared explorationLock speedFull tech treeHidden civsTurbo modeCheats
Victory
Defeat
1053
+16
🇦🇷 Celts · Argentina
1046
-16
Enzocasla10
8:50 Feudal Age
12:31 Castle Age
12:42 Horse Collar
12:49 Double-Bit Axe
14:16 Bow Saw
16:05 Wheelbarrow
17:38 Loom
19:40 Town Watch
24:24 Heavy Plow
24:43 Hand Cart
24:49 Hand Cart
24:26 Gold Mining
25:03 Stone Mining
29:15 Imperial Age
26:55 Husbandry
27:03 Scale Barding Armor
27:09 Forging
29:44 Gold Shaft Mining
29:52 Iron Casting
29:31 Cavalier
29:55 Capped Ram
31:03 Siege Ram
33:01 Paladin
34:05 Chain Barding Armor
34:46 Blast Furnace
36:14 Blast Furnace
39:54 Siege Ram
别打脸 我是小帅
2:02 Double-Bit Axe
5:39 Wheelbarrow
5:05 Horse Collar
5:59 Gold Mining
8:44 Feudal Age
10:34 Bow Saw
13:34 Castle Age
12:19 Gold Shaft Mining
11:34 Stone Mining
11:58 Heavy Plow
12:28 Loom
12:29 Town Watch
16:07 Two-Man Saw
17:59 Hand Cart
19:02 Stone Mining
23:40 Guilds
26:08 Imperial Age
25:01 Stone Shaft Mining
25:03 Crop Rotation
25:12 Scale Barding Armor
25:39 Treadmill Crane
26:20 Ballistics
26:11 Masonry
26:28 Husbandry
27:56 Chemistry
26:52 Murder Holes
27:13 Guilds
28:40 Conscription
29:16 Burgundian Vineyards
29:18 Town Patrol
30:48 Hoardings
30:38 Fletching
30:48 Padded Archer Armor
30:59 Forging
32:57 Fervor
35:07 Iron Casting
34:54 Chain Barding Armor
34:30 Bodkin Arrow
34:07 Elite Coustillier
37:11 Blast Furnace
37:53 Cavalier
39:42 Sanctity
40:23 Pikeman
41:04 Squires
Connection lost

Rejoining the realm…

Still unreachable

The connection could not be restored.

Session expired

The server has moved on; the page needs a fresh start.